 Dungeon Crawl Stone Soup version 0.30-a0-339-g89bb51ec76 (webtiles) character file.

Game seed: 10528828525376047459

1005 retardedninja the Trooper (level 8, -1/71 HPs)
             Began as a Hill Orc Fighter on Oct 31, 2022.
             Slain by Pikel
             ... wielding a +2 whip of electrocution
              (12 damage)
             ... on level 4 of the Dungeon.
             The game lasted 00:08:21 (3589 turns).

retardedninja the Trooper (Hill Orc Fighter)        Turns: 3589, Time: 00:08:22

Health: -1/71      AC: 11    Str: 21    XL:     8   Next: 20%
Magic:  8/8        EV:  9    Int:  8    God:
Gold:   151        SH:  5    Dex: 10    Spells: 7/7 levels left

rFire   . . .      SeeInvis .    a - +1 war axe
rCold   . . .      Faith    .    c - +0 buckler
rNeg    . . .      Spirit   .    b - +0 scale mail
rPois   .          Reflect  .    (no helmet)
rElec   .          Harm     .    (no cloak)
rCorr   .          Rampage  .    (no gloves)
Will    .....                    (no boots)
Stlth   ..........               (no amulet)
HPRegen 0.31/turn                i - +4 ring of protection
MPRegen 0.11/turn                (no ring)

@: brilliant
A: no striking features
a: no special abilities


You were on level 4 of the Dungeon.
You visited 1 branch of the dungeon, and saw 4 of its levels.
You also visited: Ossuary.

You collected 151 gold pieces.

Inventory:

Hand Weapons
 a - a +1 war axe (weapon)
Missiles
 v - 3 poisoned darts
 x - 2 javelins (quivered)
Armour
 b - a +0 scale mail (worn)
 c - a +0 buckler (worn)
Jewellery
 i - a +4 ring of protection (left hand)
 n - a +6 ring of dexterity
 q - a ring of resist corrosion
Wands
 r - a wand of charming (3)
Scrolls
 e - a scroll of butterflies
 f - 4 scrolls of identify
 l - 2 scrolls of teleportation
 o - a scroll of magic mapping
Potions
 d - a potion of resistance {unknown}
 g - 2 potions of curing
 h - a potion of brilliance
 j - 2 potions of magic {unknown}
 k - a potion of berserk rage {unknown}
 m - 2 potions of degeneration
 p - 2 potions of attraction {unknown}
 s - a potion of heal wounds {unknown}
 t - a potion of lignification {unknown}
 u - a potion of flight {unknown}


   Skills:
 + Level 6.6 Fighting
 + Level 6.6 Axes
 + Level 6.0 Armour
 + Level 6.0 Shields


You had 7 spell levels left.
You didn't know any spells.
Your spell library contained the following spells:

 Spells                   Type           Power      Damage    Failure   Level
 Leda's Liquefaction      Hex/Erth       0%         N/A       100%        4
 Lee's Rapid Deconstruct  Erth           0%         3d4*      100%        5
 Conjure Ball Lightning   Conj/Air       0%         3x3d6     100%        6
 Statue Form              Tmut/Erth      0%         N/A       100%        6
 Summon Cactus Giant      Summ           0%         N/A       100%        6
 Malign Gateway           Summ/Tloc      0%         N/A       100%        7


Dungeon Overview and Level Annotations

Branches:
Dungeon (4/15)            Ossuary (visited)
 Temple: D:4-7

Altars:
Zin
The Shining One

Annotations:
D:4 Edmund, Pikel


Message History

You miss the lemure. Pikel hits you but does no damage. The lemure hits you.
* * * LOW HITPOINT WARNING * * *
You feel better. Pikel barely misses you.
The lemure hits you but does no damage.
You closely miss Pikel.
Pikel is severely wounded.
You hit the lemure.
You kill the lemure!
That felt strangely unrewarding.
Pikel hits you but does no damage.
You hit Pikel.
Pikel is severely wounded.
You slash the lemure! The lemure hits you but does no damage.
You block Pikel's attack.
Pikel hits you with a +2 whip of electrocution.
* * * LOW HITPOINT WARNING * * *
You are electrocuted!
* * * LOW HITPOINT WARNING * * *
The lemure hits you.
* * * LOW HITPOINT WARNING * * *
You feel better. The lemure hits you.
* * * LOW HITPOINT WARNING * * *
Pikel hits you with a +2 whip of electrocution.
* * * LOW HITPOINT WARNING * * *
You feel better. The lemure hits you but does no damage.
Pikel hits you with a +2 whip of electrocution.
* * * LOW HITPOINT WARNING * * *
It was a potion of brilliance.
You feel clever all of a sudden. The lemure hits you.
* * * LOW HITPOINT WARNING * * *
Pikel closely misses you.
You feel better. You block the lemure's attack.
Pikel hits you but does no damage.
You miss Pikel.
Pikel is severely wounded.
You closely miss the lemure. The lemure barely misses you.
Pikel hits you with a +2 whip of electrocution.
* * * LOW HITPOINT WARNING * * *
You are electrocuted!
You die...

#...#..##
#..........#
.........##
#..........#
#####...##
#..........##
#.....
#...........#
........
#...........#
# #.......#
#...........#
# ........#
#.........# #
..#.####.#
#.#....##.# #
#@#.<..+ #####
#.....K5#....#
.....
#..<..@5#....#
##.##
.............#
##.#
##....##.#####
...# #.... #.#
.#### #....
..# ....
........# ....


You could see Edmund, Pikel and 2 lemures.

Vanquished Creatures
  Grinder (D:3)
  A steam dragon (D:4)
  An ogre (D:3)
  2 lemures (D:4)
  3 elf zombies (Ossuary)
  3 centaur zombies (Ossuary)
  A human zombie (Ossuary)
  Ijyb (D:3)
  Natasha (D:4)
  2 hound zombies (Ossuary)
  3 mummies (Ossuary)
  6 adders
  2 adder zombies (Ossuary)
  5 dart slugs
  7 orcs
  7 endoplasms
  3 giant cockroaches
  2 gnoll zombies (Ossuary)
  7 goblins (D:1)
  8 hobgoblins
  A quokka (D:1)
  9 ball pythons
  7 bats
  5 frilled lizards
  7 goblin zombies (Ossuary)
  5 hobgoblin zombies (Ossuary)
  8 kobolds
  A kobold zombie (Ossuary)
  An orc zombie (Ossuary)
  5 quokka zombies (Ossuary)
  7 rats
  2 rat zombies (Ossuary)
124 creatures vanquished.

Notes
Turn   | Place    | Note
-------+----------+-------------------------------------------
     0 | D:1      | retardedninja the Hill Orc Fighter began the quest for the
                  | Orb.
     0 | D:1      | Reached XP level 1. HP: 19/19 MP: 1/1
    52 | D:1      | Reached XP level 2. HP: 25/27 MP: 2/2
   170 | D:1      | Reached XP level 3. HP: 26/33 MP: 3/3
   380 | D:1      | Found a faded altar of an unknown god.
   847 | D:2      | Reached XP level 4. HP: 37/40 MP: 4/4
  1080 | D:2      | Got Asmodeus's Incunabulum of Hurting and Assembling
  1582 | D:3      | Noticed an ogre
  1589 | D:3      | Killed an ogre
  1590 | D:3      | Reached XP level 5. HP: 47/47 MP: 5/5
  1839 | D:3      | Noticed Grinder
  1853 | D:3      | Killed Grinder
  1854 | D:3      | Reached skill level 5 in Fighting
  1854 | D:3      | Reached skill level 5 in Axes
  1854 | D:3      | Reached skill level 5 in Shields
  1854 | D:3      | Reached XP level 6. HP: 56/56 MP: 6/6
  2082 | D:3      | Noticed Ijyb
  2106 | D:3      | Killed Ijyb
  2107 | D:3      | Reached skill level 5 in Armour
  2350 | D:4      | Noticed a steam dragon
  2358 | D:4      | Killed a steam dragon
  2359 | D:4      | Reached XP level 7. HP: 22/62 MP: 7/7
  2650 | D:4      | Found a glowing silver altar of Zin.
  2732 | D:4      | Found a sand-covered staircase.
  2749 | Ossuary  | Entered an ossuary
  3063 | Ossuary  | Reached XP level 8. HP: 64/71 MP: 8/8
  3327 | D:4      | Found a glowing golden altar of the Shining One.
  3347 | D:4      | Noticed Natasha
  3352 | D:4      | Killed Natasha
  3566 | D:4      | Noticed Pikel
  3568 | D:4      | Noticed Edmund
  3584 | D:4      | HP: 3/71 [lemure[Pikel] (1)]
  3589 | D:4      | Slain by Pikel

Illustrated notes

Levels and vault maps discovered:
D:1:      tarquinn_simple_flora_water_d, layout_loops_ring,
          shapermc_ecumenical_altar_mp_ritualfount,
          hangedman_abyss_or_decor_lesser_grid
D:2:      layout_basic
D:3:      layout_rooms, uniq_grinder, uniq_ijyb
D:4:      layout_basic, lemuel_round_altar, nicolae_overflow_crystal_walls,
          enter_ossuary_1, uniq_pikel, uniq_edmund, uniq_natasha

Skill      XL: |  1  2  3  4  5  6  7  8 |
---------------+-------------------------+-----
Axes           | 3 4 5 6 |  6.6
Fighting       | 4 5 6 |  6.6
Armour         | 4 5 6 |  6.0
Shields        | 4 5 6 |  6.0

Action                   |  1- 3 |  4- 6 |  7- 9 || total
-------------------------+-------+-------+-------++-------
Melee: War axe           |    79 |    97 |   204 ||   380
Throw: Javelin           |     5 |    44 |       ||    49
  Use: Potion            |       |     1 |     5 ||     6
       Scroll            |       |     9 |       ||     9
Armor: Scale mail        |    44 |    66 |    95 ||   205
Dodge: Dodged            |    38 |    57 |    71 ||   166
Block: Buckler           |    20 |    27 |    58 ||   105

Table legend: (Time is in decaauts)
 A = Elapsed time spent in this place.
 B = Non-inter-level travel time spent in this place.
 C = Inter-level travel time spent in this place.
 D = Time resting spent in this place.
 E = Time spent auto-exploring this place.
 F = Levels seen in this place.
 G = Mean time per level.
                   A        B        C        D        E       F      G
               +--------+--------+--------+--------+--------+-----+--------+
         Total |   3724 |   3379 |    345 |    319 |   2156 |   5 |  744.8 |
       Dungeon |   3138 |   2793 |    345 |    319 |   1841 |   4 |  784.5 |
       Ossuary |    585 |    585 |      0 |      0 |    315 |   1 |  585.0 |
               +--------+--------+--------+--------+--------+-----+--------+

Top non-repeatable levels by time:
     D:3: 961 daAuts
     D:1: 916 daAuts
     D:2: 781 daAuts
 Ossuary: 585 daAuts
     D:4: 478 daAuts
